1899 views
Uploaded 2023-04-23 19:01:13
Game version 1.35 (6115)
29:15 long 1on1 ladder game on (4)TwistedMeadows_S2_v1.1
Saved by DKnight
1899 views
Uploaded 2023-04-23 19:01:13
Game version 1.35 (6115)
29:15 long 1on1 ladder game on (4)TwistedMeadows_S2_v1.1

62 units @ 8.2k
/ 1.1k
19 buildings @ 3.4k
/ 1.3k



| Lesser Clarity Potion | 8 | 560 |
| Healing Salve | 4 | 400 |
| Orb of Lightning | 1 | 375 |
| Scroll of Town Portal | 2 | 700 |
| Potion of Lesser Invulnerability | 1 | 150 |
| total: | 16 | 2185g |
| Peon | 11 | 825 | / | 0 |
| Troll Headhunter | 15 | 2100 | / | 300 |
| Troll Witch Doctor | 13 | 1885 | / | 325 |
| Troll Berserker | 21 | 2940 | / | 420 |
| Demolisher | 2 | 440 | / | 100 |
| total: | 62 | 8190g | / | 1145w |
| Watch Tower | 4 | 440 | / | 320 |
| War Mill | 1 | 205 | / | 0 |
| Orc Burrow | 7 | 1120 | / | 280 |
| Barracks | 2 | 360 | / | 100 |
| Altar of Storms | 1 | 180 | / | 50 |
| Voodoo Lounge | 1 | 130 | / | 30 |
| Great Hall | 2 | 770 | / | 370 |
| Spirit Lodge | 1 | 150 | / | 150 |
| Stronghold | 1 | 315 | / | 190 |
| Fortress | 1 | 325 | / | 190 |
| total: | 19 | 3355g | / | 1300w |
| 0:04 | Peon |
| 0:04 | Peon |
| 0:04 | Peon |
| 0:19 | War Mill |
| 0:36 | Orc Burrow |
| 0:41 | Peon |
| 0:52 | Barracks |
| 0:56 | Peon |
| 1:16 | Peon |
| 1:26 | Peon |
| 1:30 | Altar of Storms |
| 1:49 | Orc Burrow |
| 1:52 | Troll Headhunter |
| 2:12 | Troll Headhunter |
| 2:18 | Voodoo Lounge |
| 2:29 | Steel Ranged Weapons |
| 2:43 | Troll Headhunter |
| 2:52 | Summon Bear |
| 2:59 | Orc Burrow |
| 3:12 | Troll Headhunter |
| 3:32 | Troll Headhunter |
| 3:42 | Lesser Clarity Potion |
| 3:43 | Lesser Clarity Potion |
| 3:48 | Healing Salve |
| 4:09 | Troll Headhunter |
| 4:13 | Summon Quilbeast |
| 4:38 | Stronghold |
| 4:40 | Troll Headhunter |
| 4:48 | Lesser Clarity Potion |
| 4:48 | Lesser Clarity Potion |
| 4:48 | Healing Salve |
| 4:55 | Troll Headhunter |
| 4:58 | Steel Armor |
| 5:29 | Summon Bear |
| 5:43 | Troll Headhunter |
| 5:47 | Orc Burrow |
| 5:52 | Troll Headhunter |
| 6:48 | Summon Quilbeast |
| 7:04 | Fortress |
| 7:07 | Spirit Lodge |
| 7:08 | Troll Headhunter |
| 7:08 | Troll Headhunter |
| 7:10 | Thorium Ranged Weapons |
| 8:00 | Troll Headhunter |
| 8:00 | Troll Headhunter |
| 8:49 | Summon Quilbeast |
| 8:59 | Witch Doctor Adept Training |
| 9:00 | Troll Witch Doctor |
| 9:03 | Orc Burrow |
| 9:33 | Berserker Upgrade |
| 9:33 | Troll Headhunter |
| 9:35 | Troll Witch Doctor |
| 12:20 | Troll Berserker |
| 12:21 | Troll Berserker |
| 12:22 | Witch Doctor Master Training |
| 12:22 | Troll Witch Doctor |
| 12:27 | Barracks |
| 13:37 | Summon Bear |
| 13:40 | Troll Witch Doctor |
| 13:49 | Hex |
| 13:51 | Healing Salve |
| 13:52 | Lesser Clarity Potion |
| 13:52 | Lesser Clarity Potion |
| 14:02 | Scroll of Town Portal |
| 14:08 | Orb of Lightning |
| 14:16 | Troll Berserker |
| 14:16 | Troll Berserker |
| 14:18 | Troll Berserker |
| 14:18 | Troll Berserker |
| 14:20 | Reinforced Defenses |
| 14:27 | Great Hall |
| 14:50 | Troll Berserker |
| 14:51 | Troll Berserker |
| 14:54 | Arcanite Ranged Weapons |
| 15:03 | Orc Burrow |
| 16:15 | Serpent Ward |
| 17:45 | Peon |
| 17:45 | Peon |
| 17:46 | Peon |
| 17:46 | Peon |
| 18:00 | Frost Arrows |
| 18:05 | Healing Salve |
| 18:06 | Lesser Clarity Potion |
| 18:06 | Lesser Clarity Potion |
| 18:16 | Scroll of Town Portal |
| 18:31 | Troll Witch Doctor |
| 18:31 | Troll Witch Doctor |
| 18:32 | Troll Witch Doctor |
| 18:34 | Troll Berserker |
| 18:35 | Troll Berserker |
| 18:43 | Potion of Lesser Invulnerability |
| 19:02 | Troll Berserker |
| 19:03 | Troll Berserker |
| 19:22 | Thorium Armor |
| 19:27 | Troll Berserker |
| 21:05 | Hex |
| 21:28 | Summon Hawk |
| 22:09 | Forked Lightning |
| 22:14 | Troll Berserker |
| 22:14 | Troll Berserker |
| 22:14 | Troll Berserker |
| 22:15 | Troll Berserker |
| 22:16 | Troll Berserker |
| 22:16 | Troll Berserker |
| 22:17 | Troll Witch Doctor |
| 22:18 | Troll Witch Doctor |
| 22:18 | Troll Witch Doctor |
| 23:05 | Arcanite Armor |
| 23:09 | Troll Berserker |
| 23:11 | Troll Berserker |
| 23:18 | Orc Burrow |
| 23:37 | Great Hall |
| 23:49 | Watch Tower |
| 23:52 | Watch Tower |
| 23:55 | Watch Tower |
| 23:58 | Watch Tower |
| 25:43 | Serpent Ward |
| 26:43 | Troll Witch Doctor |
| 26:43 | Troll Witch Doctor |
| 26:44 | Troll Witch Doctor |
| 27:03 | Demolisher |
| 27:04 | Demolisher |
| 28:48 | Summon Hawk |
| Right click | 721 |
| Select | 530 |
| Build/train/purchase | 163 |
| Use ability | 48 |
| Item give/drop | 8 |
65 units @ 11k
/ 1.8k
17 buildings @ 2.7k
/ 0.9k


| Rod of Necromancy | 2 | 300 |
| Orb of Corruption | 1 | 375 |
| Potion of Healing | 2 | 300 |
| Scroll of Healing | 2 | 500 |
| Scroll of Town Portal | 1 | 350 |
| total: | 8 | 1825g |
| Acolyte | 19 | 1425 | / | 0 |
| Ghoul | 3 | 360 | / | 0 |
| Crypt Fiend | 30 | 6450 | / | 1200 |
| Obsidian Statue | 10 | 2000 | / | 350 |
| Abomination | 3 | 720 | / | 210 |
| total: | 65 | 10955g | / | 1760w |
| Nerubian Tower | 2 | 200 | / | 40 |
| Spirit Tower | 3 | 435 | / | 120 |
| Crypt | 1 | 200 | / | 50 |
| Altar of Darkness | 1 | 180 | / | 50 |
| Ziggurat | 10 | 1500 | / | 500 |
| Tomb of Relics | 1 | 130 | / | 30 |
| Graveyard | 1 | 215 | / | 0 |
| Necropolis | 1 | 225 | / | 0 |
| Slaughterhouse | 2 | 280 | / | 270 |
| Halls of the Dead | 1 | 320 | / | 210 |
| Black Citadel | 1 | 325 | / | 230 |
| total: | 17 | 2730g | / | 900w |
| 0:02 | Acolyte |
| 0:02 | Acolyte |
| 0:06 | Crypt |
| 0:10 | Altar of Darkness |
| 0:28 | Ziggurat |
| 0:32 | Acolyte |
| 0:44 | Acolyte |
| 1:03 | Tomb of Relics |
| 1:10 | Ghoul |
| 1:25 | Ghoul |
| 1:49 | Graveyard |
| 1:56 | Ghoul |
| 2:13 | Ziggurat |
| 2:18 | Death Coil |
| 2:35 | Rod of Necromancy |
| 2:58 | Halls of the Dead |
| 3:20 | Crypt Fiend |
| 3:50 | Crypt Fiend |
| 4:14 | Crypt Fiend |
| 4:17 | Unholy Aura |
| 4:22 | Ziggurat |
| 4:38 | Rod of Necromancy |
| 4:51 | Crypt Fiend |
| 5:56 | Slaughterhouse |
| 6:05 | Burrow |
| 6:23 | Death Coil |
| 6:27 | Frost Nova |
| 6:49 | Crypt Fiend |
| 7:01 | Necropolis |
| 7:13 | Obsidian Statue |
| 7:39 | Crypt Fiend |
| 8:11 | Black Citadel |
| 8:15 | Ziggurat |
| 8:18 | Frost Armor |
| 8:33 | Acolyte |
| 8:33 | Acolyte |
| 8:35 | Crypt Fiend |
| 8:59 | Crypt Fiend |
| 9:08 | Obsidian Statue |
| 9:10 | Nerubian Tower |
| 9:49 | Crypt Fiend |
| 10:10 | Acolyte |
| 10:11 | Acolyte |
| 10:11 | Acolyte |
| 10:17 | Crypt Fiend |
| 10:22 | Acolyte |
| 10:22 | Acolyte |
| 11:00 | Destroyer Form |
| 11:05 | Acolyte |
| 11:05 | Acolyte |
| 11:06 | Ziggurat |
| 11:32 | Orb of Corruption |
| 11:48 | Ziggurat |
| 12:19 | Acolyte |
| 12:20 | Spirit Tower |
| 12:27 | Obsidian Statue |
| 13:08 | Crypt Fiend |
| 13:11 | Crypt Fiend |
| 13:31 | Ziggurat |
| 13:44 | Slaughterhouse |
| 13:59 | Ziggurat |
| 14:05 | Creature Attack |
| 14:07 | Scroll of Healing |
| 14:30 | Scroll of Healing |
| 14:37 | Obsidian Statue |
| 14:49 | Spirit Tower |
| 15:05 | Abomination |
| 15:25 | Crypt Fiend |
| 15:39 | Frost Nova |
| 15:47 | Spirit Tower |
| 16:10 | Death Pact |
| 16:11 | Crypt Fiend |
| 16:26 | Crypt Fiend |
| 16:28 | Obsidian Statue |
| 16:51 | Crypt Fiend |
| 17:28 | Crypt Fiend |
| 17:31 | Crypt Fiend |
| 17:42 | Acolyte |
| 17:42 | Acolyte |
| 17:44 | Ziggurat |
| 17:59 | Obsidian Statue |
| 18:13 | Scroll of Town Portal |
| 18:24 | Potion of Healing |
| 18:37 | Nerubian Tower |
| 18:49 | Obsidian Statue |
| 19:31 | Crypt Fiend |
| 19:36 | Improved Creature Attack |
| 20:43 | Frost Armor |
| 21:02 | Crypt Fiend |
| 22:08 | Death Coil |
| 22:10 | Obsidian Statue |
| 22:35 | Acolyte |
| 22:35 | Acolyte |
| 22:35 | Acolyte |
| 22:43 | Potion of Healing |
| 22:45 | Crypt Fiend |
| 23:14 | Crypt Fiend |
| 23:23 | Crypt Fiend |
| 23:40 | Abomination |
| 24:18 | Crypt Fiend |
| 24:22 | Ziggurat |
| 25:35 | Crypt Fiend |
| 25:52 | Crypt Fiend |
| 25:54 | Obsidian Statue |
| 26:43 | Crypt Fiend |
| 26:44 | Abomination |
| 26:53 | Crypt Fiend |
| 27:40 | Crypt Fiend |
| 27:41 | Frost Nova |
| 28:02 | Obsidian Statue |
| 28:38 | Crypt Fiend |
| Right click | 1978 |
| Select group | 1484 |
| Select | 754 |
| Build/train/purchase | 170 |
| Use ability | 117 |
| Misc. action | 97 |
| Assign group | 78 |
| Chat | 26 |
| Remove unit | 6 |
| Item give/drop | 4 |